 Dungeon Crawl Stone Soup version 0.21-a0-135-g8dc100c (webtiles) character file.

214 grindst0ne the Grave Robber (level 5, -4/38 HPs)
             Began as a Hill Orc Necromancer on July 17, 2017.
             Slain by a gnoll
             ... wielding a +0 spear
              (10 damage)
             ... on level 4 of the Dungeon.
             The game lasted 00:10:40 (3291 turns).

grindst0ne the Grave Robber (Hill Orc Necromancer)  Turns: 3291, Time: 00:10:41

Health: -4/38      AC:  4    Str: 11    XL:     5   Next: 91%
Magic:  2/7        EV: 12    Int: 16    God:
Gold:   136        SH:  0    Dex: 11    Spells: 2/7 levels left

rFire    . . .     SeeInvis .   g - +0 club
rCold    . . .     Gourm    .   (no shield)
rNeg     . . .     Faith    .   a - +0 robe
rPois    .         Spirit   .   (no helmet)
rElec    .         Reflect  .   r - +0 cloak
rCorr    .         Harm     .   (no gloves)
MR       +....                  d - +0 pair of boots
Stlth    ++........             (no amulet)
HPRegen  0.12/turn              n - ring of protection from magic
MPRegen  0.10/turn              (no ring)

@: about to teleport
A: no striking features
a: no special abilities


You were on level 4 of the Dungeon.
You were not hungry.

You visited 1 branch of the dungeon, and saw 4 of its levels.

You collected 136 gold pieces.

Inventory:

Hand Weapons
 g - a +0 club (weapon)
Armour
 a - a +0 robe (worn)
 d - a +0 pair of boots (worn)
 r - a +0 cloak (worn)
Jewellery
 n - a ring of protection from magic (left hand)
Scrolls
 f - 2 scrolls of identify
 p - 2 scrolls of magic mapping {unknown}
 q - a scroll of enchant armour
Potions
 k - a potion of heal wounds
 o - a potion of degeneration {unknown}
Books
 b - a book of Necromancy

   Spells                             Type                      Level
   a - Pain                           Necromancy                   1
   b - Animate Skeleton               Necromancy                   1
   c - Vampiric Draining              Necromancy                   3
   d - Regeneration                   Charms/Necromancy            3
   e - Animate Dead                   Necromancy                   4
   f - Control Undead                 Necromancy                   4
Comestibles
 c - 3 chunks of flesh
 i - a bread ration
 m - a royal jelly


   Skills:
 - Level 1.5 Dodging
 - Level 1.5 Stealth
 - Level 1.5 Spellcasting
 + Level 6.9 Necromancy


You had 2 spell levels left.
You knew the following spells:

 Your Spells              Type           Power        Failure   Level  Hunger
a - Pain                  Necr           ###.         1%          1    ##.....
b - Animate Skeleton      Necr           N/A          1%          1    ##.....
c - Vampiric Draining     Necr           ###.......   3%          3    ####...


Dungeon Overview and Level Annotations

Branches:
Dungeon (4/15)
 Temple: D:4-7

Altars:
Hepliaklqana
Makhleb
Qazlal


Message History

You feel sick.
You see here a scroll of teleportation.
e - a scroll of teleportation The gnoll hits you from afar with a spear.
* * * LOW HITPOINT WARNING * * *
You feel sick.
Casting: Vampiric Draining
Confirm with . or Enter, or press ? or * to list all spells.
Aiming: Pain
Press: ? - help, Shift-Dir - straight line, f - gnoll
Aim: a gnoll, wielding a spear (chance to defeat MR: 88%)
The gnoll writhes in agony!
The gnoll hits you from afar with a spear.
* * * LOW HITPOINT WARNING * * *
You feel sick.
You are no longer poisoned.
As you read the scroll of teleportation, it crumbles to dust.
You feel strangely unstable.
The gnoll hits you from afar with a spear!
You die...

##.##
#.## ♣.♣♣
#.# .# .♣
#.# .#
#.####.#
#......#
#.######
#.#
##g######
#...@...#
#..######
#..#
....# ♣
###.## ♣
#. ♣♣ #.
♣. #. ♣.
♣♣.


You could see a gnoll.

Vanquished Creatures
  A centaur skeleton (D:4)
  Jessica (D:3)
  A worker ant (D:4)
  A gnoll (D:4)
  4 adders
  A worm (D:3)
  A dart slug (D:2)
  A leopard gecko (D:4)
  An orc (D:3)
  2 bats
  6 giant cockroaches
  A goblin (D:1)
  7 hobgoblins
  5 jackals (D:2)
  11 kobolds
  A ball python (D:1)
  5 frilled lizards
  9 rats
59 creatures vanquished.

Vanquished Creatures (collateral kills)
  A hound (D:4)
  A bat (D:2)
  A goblin (D:3)
  A hobgoblin (D:2)
  A jackal (D:2)
5 creatures vanquished.

Grand Total: 64 creatures vanquished

Notes
Turn   | Place    | Note
-------+----------+-------------------------------------------
     0 | D:1      | grindst0ne the Hill Orc Necromancer began the quest for the Orb.
     0 | D:1      | Reached XP level 1. HP: 14/14 MP: 3/3
   433 | D:1      | Reached XP level 2. HP: 19/20 MP: 2/4
   439 | D:1      | Learned a level 1 spell: Animate Skeleton
  1116 | D:2      | Found a hazy altar of Hepliaklqana.
  1178 | D:2      | Reached skill level 5 in Necromancy
  1178 | D:2      | Reached XP level 3. HP: 24/26 MP: 2/5
  1210 | D:2      | Learned a level 3 spell: Vampiric Draining
  1244 | D:2      | Found a stormy altar of Qazlal.
  1733 | D:2      | Reached XP level 4. HP: 28/33 MP: 1/6
  2468 | D:3      | Found a burning altar of Makhleb.
  2468 | D:3      | Noticed a cacodemon
  2635 | D:3      | Noticed Jessica
  2640 | D:3      | Killed Jessica
  2640 | D:3      | Reached skill level 6 in Necromancy
  2946 | D:4      | Reached XP level 5. HP: 38/38 MP: 5/7
  3291 | D:4      | Slain by a gnoll

Vault maps used:
D:1:      wheals_arrival_linesprint
D:2:      lemuel_coloured_pillars_altar, nicolae_overflow_crystal_walls
D:3:      makhleb_altar_promises_db, kennysheep_nub, minmay_box_of_dots,
          uniq_jessica
D:4:      kb_forest_paths, nicolae_overflow_hidden_temple

Skill      XL: |  1  2  3  4 |
---------------+-------------+-----
Necromancy     | 5 6 |  6.9
Dodging        | |  1.5
Stealth        | |  1.5
Spellcasting   | |  1.5

Action                   |  1- 3 |  4- 6 || total
-------------------------+-------+-------++-------
Melee: Club              |    36 |    71 ||   107
       Unarmed           |     1 |       ||     1
 Cast: Pain              |    51 |    37 ||    88
       Animate Skeleton  |     8 |     7 ||    15
       Vampiric Draining |     3 |     5 ||     8
  Use: Scroll            |       |     4 ||     4
       Potion            |       |     4 ||     4
 Stab: Sleeping          |     1 |       ||     1
       Distracted        |     1 |       ||     1
  Eat: Chunk             |     4 |     3 ||     7
       Bread ration      |       |     1 ||     1
Armor: Robe              |    18 |    21 ||    39
       Skin              |       |    16 ||    16
Dodge: Dodged            |    32 |    79 ||   111
